Map: Temple gelé

Players

zidar - Winner!

  • Race: Zerg Zerg
  • League: Platinum
  • Spawn Location: 11:00

Brujo

  • Race: Terran Terran
  • League: Bronze
  • Spawn Location: 5:00

VOD

Have the link to the VOD?

Description

Time

  • Played on: Nov. 14, 2016, 2:27 p.m.
  • Length: 5:49
Show
View Real Time Build Order
Export as new Build Order

zidar Zerg - Winner!

Build Orders: Hatch First 

Get SALT Encoding   

  12  0:01  Drone  
  13  0:12  Overlord  
  13  0:17  Drone  
  14  0:30  Drone  
  14  0:31  Drone  
  16  0:50  Hatchery  
  16  0:53  Drone  
  16  0:59  Extractor  
  16  1:00  Drone  
  16  1:15  Spawning Pool  
  16  1:18  Drone  
  16  1:23  Drone  
  17  1:26  Drone  
  17  1:30  Drone  
  19  2:07  Queen x2  
  23  2:09  Zergling x2  
  23  2:13  Zergling x2  
  25  2:20  Zergling x2  
  26  2:30  Drone x2  
  28  2:47  Roach Warren  
  27  2:51  Extractor  
  27  2:57  Overlord x2  
  26  3:10  Drone x2  
  28  3:22  Overlord  
  28  3:26  Overlord  
  28  3:29  Roach  
  28  3:30  Roach x3  
  36  3:44  Roach x2  
  36  3:45  Roach  
  42  3:50  Drone  
  43  4:02  Ravager x3  
  46  4:13  Roach  
  46  4:14  Roach x2  
  52  4:22  Overlord x2  
  49  4:43  Roach x4  
  57  5:33  Spore Crawler  
  53  5:36  Spore Crawler  
Show
View Real Time Build Order
Export as new Build Order

Brujo Terran 

Build Orders: Banshee Rush 

Get SALT Encoding   

  12  0:02  SCV  
  13  0:14  SCV  
  14  0:23  Supply Depot  
  14  0:26  SCV  
  15  0:37  Refinery  
  15  0:44  SCV  
  15  0:45  Barracks  
  16  0:56  SCV  
  17  1:08  SCV  
  18  1:21  SCV  
  19  1:34  Supply Depot  
  19  1:35  Bunker  
  19  1:36  Orbital Command  
  19  1:38  Marine  
  19  2:08  Barracks Reactor  
  19  2:09  SCV  
  19  2:11  Factory  
  20  2:21  SCV  
  21  2:26  Command Center  
  21  2:33  SCV  
  22  2:45  SCV  
  23  2:55  Refinery  
  23  2:57  SCV  
  24  2:59  Barracks Tech Lab  
  24  3:01  Hellion  
  24  3:02  Hellion  
  28  3:14  SCV  
  28  3:15  Starport  
  28  3:17  Supply Depot  
  29  3:26  SCV  
  30  3:34  Barracks Tech Lab  
  30  3:38  SCV, Hellion x2  
  30  3:41  Orbital Command  
  35  3:49  Engineering Bay  
  35  3:51  SCV  
  36  3:58  Marine  
  36  3:59  Cloaking Field  
  36  4:01  Banshee  
  44  4:26  Command Center  
  44  4:29  Widow Mine x2  
  40  4:44  Raven  
  33  5:09  Marauder  
  33  5:13  Supply Depot  
  39  5:22  Widow Mine  
Tags
 
Add a new tag
Caveats
  • Supply blocks, unpowered buildings, or Contaminate may cause inaccurate times.
  • Supply counts are checked every 10 seconds.